 Dungeon Crawl Stone Soup version 0.29-a0-11-ga75d3d97ab (webtiles) character file.

Game seed: 8421680594201014535

5505 enile the Carver (level 11, -6/93 HPs)
             Began as a Formicid Wanderer on Jan 29, 2022.
             Was a High Priest of the Shining One.
             Mangled by an orc warrior (7 damage)
             ... on level 9 of the Dungeon.
             The game lasted 00:17:45 (10025 turns).

enile the Carver (Formicid Wanderer)               Turns: 10025, Time: 00:17:45

Health: -6/93      AC: 16    Str: 21    XL:     11   Next: 1%
Magic:  12/12      EV:  6    Int: 10    God:    the Shining One [*****.]
Gold:   559        SH:  0    Dex: 12    Spells: 11/12 levels left

rFire   . . .      SeeInvis +   l - +5 great sword (holy)
rCold   . . .      Faith    .   E - orb {mayhem}
rNeg    + + .      Spirit   .   m - +0 plate armour
rPois   .          Reflect  .   (helmet unavailable)
rElec   .          Harm     .   K - +2 cloak {Will+}
rCorr   .          Rampage  .   (no gloves)
Will    ++...                   (no boots)
Stlth   ..........              (no amulet)
HPRegen 0.25/turn               D - +4 ring of slaying
MPRegen 0.13/turn               (no ring)

@: glowing
A: permanent stasis, dig shafts and tunnels, antennae 3, four strong arms
a: Dig, Shaft Self, Renounce Religion, Divine Shield, Cleansing Flame, Summon
Divine Warrior


You were on level 9 of the Dungeon.
You worshipped the Shining One.
The Shining One was extremely pleased with you.
You visited 1 branch of the dungeon, and saw 9 of its levels.
You also visited: Ossuary.

You collected 559 gold pieces.

Inventory:

Hand Weapons
 a - a +2 hunting sling
 e - a +0 spear
 h - a +1 dagger of flaming
 k - a +2 hand axe of electrocution
 l - a +5 great sword of holy wrath (weapon)
 n - a +3 long sword of freezing
 v - a +0 flail
 w - a +1 flail of holy wrath
 N - a +3 quarterstaff of chaos
 S - a +4 dire flail
 U - a +1 morningstar
 V - a +3 morningstar of freezing
Missiles
 b - 150 sling bullets
 f - 257 stones (quivered)
 q - 2 throwing nets
 B - 3 silver boomerangs
 C - 6 javelins
Armour
 c - a +0 ring mail
 m - a +0 plate armour (worn)
 u - the +2 ring mail of the Harp {rF+ rC+}
   (You found it on level 4 of the Dungeon)

   rF:        It protects you from fire.
   rC:        It protects you from cold.
 E - an orb of mayhem (worn)
 K - a +2 cloak of willpower (worn)
 L - +0 acid dragon scales
 O - a +1 cloak of stealth
Jewellery
 D - a +4 ring of slaying (left hand)
Wands
 x - a wand of iceblast (12)
 y - a wand of mindburst (13)
 M - a wand of charming (6)
 R - a wand of flame (27)
Scrolls
 g - 2 scrolls of blinking
 r - 2 scrolls of fear
 s - 2 scrolls of noise
 z - 4 scrolls of amnesia
 F - 2 scrolls of vulnerability
 G - 4 scrolls of teleportation
Potions
 i - a potion of magic
 j - 4 potions of curing {unknown}
 o - a potion of ambrosia {unknown}
 p - 2 potions of heal wounds
 t - a potion of haste {unknown}
 A - 2 potions of lignification {unknown}
 H - 2 potions of resistance {unknown}
 I - a potion of cancellation {unknown}
 J - a potion of attraction
 P - 2 potions of invisibility {unknown}
 Q - 2 potions of might {unknown}
 W - a potion of flight {unknown}


   Skills:
 - Level 11.0 Fighting
 + Level 12.8 Long Blades
 - Level 2.1(2.2) Slings
 - Level 0.1(1.1) Throwing
 - Level 8.0 Armour
 - Level 4.0 Stealth
 - Level 1.1 Spellcasting
 - Level 1.0 Ice Magic
 - Level 1.1 Evocations


You had 11 spell levels left.
You knew the following spells:

 Your Spells              Type           Power      Damage    Failure   Level
a - Freeze                Ice            8%         1d3       99%         1

Your spell library contained the following spells:

 Spells                   Type           Power      Damage    Failure   Level
 Frozen Ramparts          Ice            4%         1d2       100%        3
 Inner Flame              Hex/Fire       0%         N/A       100%        3
 Cause Fear               Hex            0%         N/A       100%        4
 Summon Ice Beast         Ice/Summ       1%         N/A       100%        4
 Summon Mana Viper        Hex/Summ       0%         N/A       100%        5
 Monstrous Menagerie      Summ           0%         N/A       100%        7
 Discord                  Hex            0%         N/A       100%        8


Dungeon Overview and Level Annotations

Branches:
Dungeon (9/15)             Temple (0/1) D:7            Lair (0/6) D:9
Ossuary (visited)
    Orc: D:9-12

Altars:
Dithmenos
Elyvilon
Fedhas
Gozag
Kikubaaqudgha
Nemelex Xobeh
Okawaru
Uskayaw
Wu Jian
The Shining One

Shops:
D:1 [   D:4 *


Innate Abilities, Weirdness & Mutations

You cannot be hasted, slowed, berserked, paralysed or teleported.
You can dig through walls and to a lower floor.
You have a pair of large antennae on your head. (SInv)
Your four strong arms can wield two-handed weapons with a shield.


Message History

The puff of flame hits you but does no damage.
The orc hits you with a +0 flail.
You slash the orc!
You kill the orc!
The orc warrior flies into a frenzy!
The orc warrior closely misses the orc wizard.
You slash the orc wizard!
The orc wizard is almost dead.
The orc warrior hits you from afar with a +0 trident!
The orc wizard hits you but does no damage.
The orc warrior hits you from afar with a +0 trident.
You slice the orc wizard!!
You kill the orc wizard!
The orc warrior hits you from afar with a +0 trident.
The orc warrior hits you from afar with a +0 trident!
The orc warrior barely misses you.
There is an open door here.
You see here a +0 flail.
You slice the orc warrior!!
The orc warrior is severely wounded.
The orc warrior hits you with a +0 trident!!
The orc warrior hits you with a +0 trident.
* * * LOW HITPOINT WARNING * * *
The orc warrior hits you from afar with a +0 trident.
* * * LOW HITPOINT WARNING * * *
The orc warrior shouts!
The orc warrior completely misses you.
The orc warrior hits you from afar with a +0 trident.
* * * LOW HITPOINT WARNING * * *
The orc warrior hits you from afar with a +0 trident!
* * * LOW HITPOINT WARNING * * *
There is an open door here.
The orc warrior hits you from afar with a +0 trident!
* * * LOW HITPOINT WARNING * * *
Aiming: Charm
Press: ? - help, Shift-Dir - straight line, f - orc warrior
Aim: an orc warrior, wielding a +0 trident and wearing a +0 plate armour (heavily wounded, fast, strong, frenzied and insane, haloed, chance to affect: 50%)
The orc warrior resists with significant effort.
The orc warrior hits you from afar with a +0 trident!
You die...

#.##. ≈..P>P..≈# #.... ..PPPPP..#
{ {#...# .##PPP##.# ### { { #...#
##..#...#..# +.# {{{ #.#.#
#.#...≈...#. #.#
###+###...###....###....
#.######.......................
###........##......#....####...).
#...............@.....#.# #...#.
#.#######.#####'##...##.# ###...
..#.....#.....o..#.#.#..# #...
..#.....#..##.####...#..# #...
..'.._..#.###.###....#..##+###..#
..#.....#.......#....#..#.......#
..#.....#.).....#.##.'..+.###....
'†#######.#)#####....####........
....................##########†..


You could see a neutral orc warrior (fast, strong, insane).

Vanquished Creatures
  Pikel (D:9)
  Maggie (D:6)
  Psyche (D:9)
  Grinder (D:6)
  A wyvern (D:7)
  2 vampire mosquitoes (D:6)
  An acid dragon (D:9)
  A water moccasin (D:6)
  An orc warrior (D:6)
  A black bear (D:6)
  A hornet zombie (D:7)
  2 ogres
  5 centaurs
  An elf zombie (Ossuary)
  A lemure (D:9)
  2 kobold brigands
  4 bullfrogs
  A scorpion (D:6)
  A wyvern skeleton (D:6)
  A water moccasin skeleton (D:5)
  6 killer bees (D:8)
  8 wights
  2 howler monkeys (D:9)
  7 centaur zombies
  2 gnoll shamans
  A human zombie (Ossuary)
  3 jellies
  A bullfrog skeleton (D:5)
  3 hounds
  4 orc priests
  Crazy Yiuf (D:6)
  4 iguanas
  3 orc wizards
  2 hound zombies (Ossuary)
  3 mummies (Ossuary)
  12 gnolls
  6 adders
  A shadow imp (D:4)
  An ufetubus (D:5)
  3 adder zombies (Ossuary)
  A worm (D:2)
  9 dart slugs
  18 orcs
  5 ball pythons
  4 bats
  3 endoplasms
  4 giant cockroaches
  8 goblins
  7 hobgoblins
  4 jackals (D:1)
  A quokka (D:2)
  5 frilled lizards
  A gnoll zombie (Ossuary)
  5 goblin zombies (Ossuary)
  2 hobgoblin zombies (Ossuary)
  3 jackal zombies (Ossuary)
  10 kobolds
  A kobold zombie (Ossuary)
  2 orc zombies (Ossuary)
  7 quokka zombies (Ossuary)
  6 rats
  4 rat zombies (Ossuary)
213 creatures vanquished.

Vanquished Creatures (collateral kills)
  A gnoll sergeant (D:9)
  2 killer bees (D:8)
  2 wights (D:9)
  An orc wizard (D:8)
  4 gnolls
  3 kobolds
13 creatures vanquished.

Vanquished Creatures (others)
  A killer bee (D:8)
  14 fungi (D:4)
  A plant (D:6)
16 creatures vanquished.

Grand Total: 242 creatures vanquished

Notes
Turn   | Place    | Note
-------+----------+-------------------------------------------
     0 | D:1      | enile the Formicid Wanderer began the quest for the Orb.
     0 | D:1      | enile set off with the following items: a +2 hunting sling,
                  | 20 sling bullets, a +0 ring mail; and the following spell
                  | memorised: Freeze; and the following spells available to
                  | memorise: Frozen Ramparts
     0 | D:1      | Reached XP level 1. HP: 16/16 MP: 2/2
   161 | D:1      | Reached XP level 2. HP: 21/23 MP: 3/3
   249 | D:1      | Found a faded altar of an unknown god.
   276 | D:1      | Prayed at the altar of an unknown god.
   276 | D:1      | Became a worshipper of the Shining One
   276 | D:1      | Reached * piety under the Shining One
   371 | D:1      | Found Hirgh's Armour Shoppe.
   388 | D:1      | Reached XP level 3. HP: 29/29 MP: 4/4
  1781 | D:3      | Reached XP level 4. HP: 38/38 MP: 5/5
  2136 | D:3      | Reached skill level 5 in Fighting
  2246 | D:4      | Reached XP level 5. HP: 33/44 MP: 6/6
  2539 | D:4      | Identified the +2 ring mail of the Harp {rF+ rC+}
  2672 | D:4      | Found an ornate altar of the Wu Jian Council.
  2718 | D:4      | Noticed an ogre
  2718 | D:4      | Reached ** piety under the Shining One
  2723 | D:4      | Found Ukoejish's General Store.
  3455 | D:3      | Reached skill level 5 in Armour
  3455 | D:3      | Reached XP level 6. HP: 37/49 MP: 7/7
  3816 | D:4      | Killed an ogre
  3817 | D:4      | Reached skill level 2 in Long Blades
  3999 | D:4      | Found a glowing golden altar of the Shining One.
  4000 | D:4      | Found an ancient bone altar of Kikubaaqudgha.
  4144 | D:5      | Entered Level 5 of the Dungeon
  4259 | D:5      | Reached skill level 3 in Long Blades
  4259 | D:5      | Reached XP level 7. HP: 58/58 MP: 8/8
  4338 | D:5      | Reached skill level 4 in Long Blades
  4423 | D:5      | Found a shadowy altar of Dithmenos.
  4515 | D:5      | Identified a scroll of acquirement
  4520 | D:5      | Acquired a +2 great sword of holy wrath
  4652 | D:5      | Reached skill level 5 in Long Blades
  4924 | D:5      | Reached skill level 6 in Long Blades
  5108 | D:5      | Reached skill level 7 in Long Blades
  5441 | D:6      | Noticed a water moccasin
  5444 | D:6      | Killed a water moccasin
  5445 | D:6      | Reached skill level 8 in Long Blades
  5445 | D:6      | Reached XP level 8. HP: 63/64 MP: 9/9
  5483 | D:6      | Found a white marble altar of Elyvilon.
  5485 | D:6      | Found an iron altar of Okawaru.
  5487 | D:6      | Found a sparkling altar of Nemelex Xobeh.
  5489 | D:6      | Noticed Grinder
  5570 | D:6      | Killed Grinder
  5571 | D:6      | Reached skill level 9 in Long Blades
  5619 | D:6      | Reached skill level 10 in Long Blades
  5882 | D:6      | Found a sand-covered staircase.
  5894 | Ossuary  | Entered an ossuary
  5948 | Ossuary  | Reached *** piety under the Shining One
  5978 | Ossuary  | Reached **** piety under the Shining One
  5980 | Ossuary  | Reached skill level 11 in Long Blades
  6052 | Ossuary  | Reached ***** piety under the Shining One
  6059 | Ossuary  | Reached XP level 9. HP: 69/69 MP: 10/10
  6100 | Ossuary  | Reached skill level 12 in Long Blades
  6515 | D:6      | Noticed Maggie
  6521 | D:6      | Killed Maggie
  6767 | D:6      | Found a runed translucent door.
  6768 | D:6      | Noticed Crazy Yiuf
  7509 | D:6      | Killed Crazy Yiuf
  7611 | D:7      | Reached skill level 1 in Stealth
  7632 | D:6      | Reached XP level 10. HP: 72/83 MP: 11/11
  8139 | D:7      | Found a staircase to the Ecumenical Temple.
  8335 | D:7      | Found a sparkling altar of Nemelex Xobeh.
  8533 | D:8      | Found a hide-covered altar of Uskayaw.
  8578 | D:8      | Reached skill level 10 in Fighting
  9408 | D:9      | Found a blossoming altar of Fedhas.
  9663 | D:9      | Found an opulent altar of Gozag.
  9765 | D:9      | Noticed Pikel
  9780 | D:9      | Killed Pikel
  9881 | D:9      | Noticed Psyche
  9886 | D:9      | Killed Psyche
  9906 | D:9      | Found a staircase to the Lair.
  9943 | D:9      | Reached XP level 11. HP: 88/93 MP: 12/12
 10024 | D:9      | HP: 1/93 [orc warrior (9)]
 10025 | D:9      | Mangled by an orc warrior

Illustrated notes

Levels and vault maps discovered:
D:1:      minmay_arrival_four_houses, layout_rooms, serial_shops,
          nicolae_shop_waterfront, hellmonk_ecumenical_altar_arch_garden,
          minivault_14
D:2:      layout_loops_cross
D:3:      layout_basic
D:4:      layout_loops_ring, mainiacjoe_overflow_six_doors_small,
          gammafunk_temple_overflow_statue, serial_shops, nicolae_shop_crystal,
          serial_aquarium, aquarium_bridge_island_small
          [aquarium_subvault_small_water, aquarium_subvault_bridge,
          aquarium_subvault_bridge, aquarium_subvault_wall,
          aquarium_subvault_balcony], aquarium_window_corner,
          aquarium_window_double, aquarium_view_2e, aquarium_pool_S,
          minmay_manual_monstrance
D:5:      kennysheep_slugbush, layout_loops_corners, lemuel_doored_altar,
          grunt_tough_drop
D:6:      layout_loops_corners, gammafunk_temple_overflow_forgotten,
          enter_ossuary_1, uniq_crazy_yiuf_cottage, uniq_maggie, uniq_grinder
D:7:      layout_cave_pools, minmay_temple_entry_slanted,
          kennysheep_flooded_box, minmay_misc_feat_enclosed
D:8:      layout_rooms, mainiacjoe_overflow_concentric_impassable,
          serial_rivers, chequers_serial_rivers_micro_c,
          chequers_serial_rivers_large_b, chequers_serial_rivers_room_b,
          chequers_serial_rivers_micro_c, chequers_serial_rivers_room_a
D:9:      layout_stronghold, amcnicky_altar_gilded,
          nicolae_gozag_cash_rules_everything_around_me, dpeg_oklobed_lair,
          david_orc_2, uniq_psyche, uniq_pikel

Skill      XL: |  1  2  3  4  5  6  7  8  9 10 |
---------------+-------------------------------+-----
Fighting       | 3 4 5 6 9 11 | 11.0
Armour         | 5 8 |  8.0
Long Blades    | 3 8 11 12 | 12.8
Stealth        | 2 4 |  4.0
Slings         | |  2.1
Throwing       | |  0.1
Spellcasting   | |  1.1
Ice Magic      | |  1.0
Evocations     | |  1.1

Action                   |  1- 3 |  4- 6 |  7- 9 | 10-12 || total
-------------------------+-------+-------+-------+-------++-------
Melee: Dagger            |    51 |       |       |       ||    51
       Long sword        |     6 |    88 |     9 |       ||   103
       Hand axe          |     6 |       |       |       ||     6
       Punch             |     2 |     1 |       |       ||     3
       Great sword       |       |       |   166 |   111 ||   277
 Fire: Hunting sling     |    27 |       |       |       ||    27
Throw: Stone             |       |    54 |    14 |       ||    68
       Dart              |       |     2 |       |       ||     2
       Throwing net      |       |     1 |       |       ||     1
 Cast: Freeze            |     3 |       |       |       ||     3
 Abil: Dig               |       |     1 |       |       ||     1
Evoke: Wand              |       |       |       |     1 ||     1
  Use: Scroll            |       |     2 |     4 |     9 ||    15
Armor: Ring mail         |    22 |    22 |       |       ||    44
       Plate armour      |    11 |    61 |   131 |   110 ||   313
Dodge: Dodged            |    40 |    46 |    60 |    39 ||   185

Table legend: (Time is in decaauts)
 A = Elapsed time spent in this place.
 B = Non-inter-level travel time spent in this place.
 C = Inter-level travel time spent in this place.
 D = Time resting spent in this place.
 E = Time spent auto-exploring this place.
 F = Levels seen in this place.
 G = Mean time per level.
                   A        B        C        D        E       F      G
               +--------+--------+--------+--------+--------+-----+--------+
         Total |  10175 |   9825 |    350 |   1066 |   6903 |  10 | 1017.5 |
       Dungeon |   9859 |   9509 |    350 |   1066 |   6705 |   9 | 1095.4 |
       Ossuary |    315 |    315 |      0 |      0 |    198 |   1 |  315.0 |
               +--------+--------+--------+--------+--------+-----+--------+

Top non-repeatable levels by time:
     D:6: 2215 daAuts
     D:5: 1352 daAuts
     D:3: 1349 daAuts
     D:4: 1242 daAuts
     D:8: 941 daAuts
     D:2: 931 daAuts
     D:1: 658 daAuts
     D:9: 629 daAuts
     D:7: 538 daAuts
 Ossuary: 315 daAuts
